 Dungeon Crawl Stone Soup version 0.26-a0-639-g72c4674329 (webtiles) character file.

Game seed: 6352529917496244248

93 Lanoc the Charlatan (level 4, 0/26 HPs)
             Began as a Tengu Artificer on Sept 27, 2020.
             Succumbed to an adder's poison
             ... on level 3 of the Dungeon.
             The game lasted 00:01:15 (425 turns).

Lanoc the Charlatan (Tengu Artificer)                Turns: 425, Time: 00:01:16

Health: 0/26       AC:  3    Str: 12    XL:     4   Next: 62%
Magic:  5/5        EV: 12    Int: 12    God:
Gold:   0          SH:  0    Dex: 15    Spells: 3/3 levels left

rFire    . . .     SeeInvis .   a - +0 club
rCold    . . .     Faith    .   (no shield)
rNeg     . . .     Spirit   .   b - +0 leather armour
rPois    .         Reflect  .   (helmet restricted)
rElec    .         Harm     .   (no cloak)
rCorr    .         Rampage  .   (no gloves)
MR       .....                  (boots unavailable)
Stlth    ++........             (no amulet)
HPRegen  0.08/turn              (no ring)
MPRegen  0.09/turn              (no ring)

@: mighty, lethally poisoned (0 -> -11)
A: beak, talons 3
a: no special abilities


You were on level 3 of the Dungeon.
You visited 1 branch of the dungeon, and saw 3 of its levels.

Inventory:

Hand Weapons
 a - a +0 club (weapon)
Armour
 b - a +0 leather armour (worn)
Wands
 d - a wand of enslavement (14)
 e - a wand of random effects (14)
Scrolls
 g - a scroll of teleportation {unknown}
 h - a scroll of noise {unknown}


   Skills:
 + Level 2.0 Fighting
 + Level 3.0 Armour
 + Level 2.2 Dodging
 - Level 1.0 Stealth
 * Level 4.0 Evocations


You had 3 spell levels left.
You didn't know any spells.
Your spell library was empty.

Dungeon Overview and Level Annotations

Branches:
Dungeon (3/15)

Altars:


Innate Abilities, Weirdness & Mutations

You have a beak for a mouth.
You have claws for feet.


Message History

Press: ? - help, Shift-Dir - straight line, f - hobgoblin
Aim: a hobgoblin, wielding a -1 club The puff of flame hits the hobgoblin.
The hobgoblin is severely wounded.
* * * LOW HITPOINT WARNING * * *
You feel sick.
The hobgoblin hits you with a cursed -1 club.
* * * LOW HITPOINT WARNING * * *
Evoke which item? (* to show all) (? for menu, Esc to quit)
Aiming: Throw Flame
Press: ? - help, Shift-Dir - straight line, f/p - hobgoblin
Aim: a hobgoblin, wielding a -1 club (severely wounded)
The puff of flame hits the hobgoblin!
You kill the hobgoblin!
The now-empty wand crumbles to dust.
* * * LOW HITPOINT WARNING * * *
You feel sick.
It was a potion of might.
You feel very mighty all of a sudden.
You die...

#..#.....#.#
##..#..####.#
#...........#
#...#########
#........... #
#...#.###### #.
#.....#
#.†###.....#
#..)@....#.#
.....########.#
... .. # #..
..<


There were no monsters in sight!

Vanquished Creatures
  3 adders
  A leopard gecko (D:2)
  3 goblins
  2 hobgoblins (D:3)
  3 kobolds
  A quokka (D:2)
  A rat (D:2)
14 creatures vanquished.

Vanquished Creatures (collateral kills)
  A kobold (D:3)
  A bat (D:3)
2 creatures vanquished.

Vanquished Creatures (others)
  A bullfrog (D:3)
1 creature vanquished.

Grand Total: 17 creatures vanquished

Notes
Turn   | Place    | Note
-------+----------+-------------------------------------------
     0 | D:1      | Lanoc the Tengu Artificer began the quest for the Orb.
     0 | D:1      | Reached XP level 1. HP: 12/12 MP: 2/2
    70 | D:2      | Reached XP level 2. HP: 3/16 MP: 3/3
   324 | D:2      | Reached XP level 3. HP: 20/20 MP: 4/4
   389 | D:3      | Noticed a bullfrog
   419 | D:3      | Reached skill level 4 in Evocations
   419 | D:3      | Reached XP level 4. HP: 10/26 MP: 5/5
   423 | D:3      | HP: 1/26 [hobgoblin/cursed -1 club (3)]
   425 | D:3      | Succumbed to an adder's poison

Illustrated notes

Levels and vault maps discovered:
D:1:      minmay_arrival_checkered_box, layout_basic, st_stairs_9,
          interstate_on_off
D:2:      layout_loops_cross, kennysheep_boxes, uniq_sigmund, uniq_jessica
D:3:      layout_basic, st_stairs_4, tgw_fedhas, uniq_robin,
          uniq_crazy_yiuf_cottage

Skill      XL: |  1  2  3 |
---------------+----------+-----
Fighting       | 2 |  2.0
Armour         | 3 |  3.0
Dodging        | 2 |  2.2
Evocations     | 4 |  4.0
Stealth        | |  1.0

Action                   |  1- 3 |  4- 6 || total
-------------------------+-------+-------++-------
Melee: Club              |    21 |       ||    21
       Kick              |     3 |       ||     3
       Peck              |     5 |       ||     5
Evoke: Wand              |    11 |     6 ||    17
  Use: Potion            |       |     1 ||     1
 Stab: Sleeping          |     1 |       ||     1
Armor: Leather armour    |     5 |       ||     5
Dodge: Dodged            |    27 |       ||    27

Table legend: (Time is in decaauts)
 A = Elapsed time spent in this place.
 B = Non-inter-level travel time spent in this place.
 C = Inter-level travel time spent in this place.
 D = Time resting spent in this place.
 E = Time spent auto-exploring this place.
 F = Levels seen in this place.
 G = Mean time per level.
                   A        B        C        D        E       F      G
               +--------+--------+--------+--------+--------+-----+--------+
         Total |    430 |    421 |      9 |      0 |    315 |   3 |  143.3 |
       Dungeon |    430 |    421 |      9 |      0 |    315 |   3 |  143.3 |
               +--------+--------+--------+--------+--------+-----+--------+

Top non-repeatable levels by time:
     D:2: 331 daAuts
     D:3: 62 daAuts
     D:1: 37 daAuts
